 Dungeon Crawl Stone Soup version 0.27-a0-955-gb57c80000f (console) character file.

Game seed: 10501587078368211788

61 Morrissey the Firebug (level 4, 0/25 HPs)
             Began as a Gargoyle Fire Elementalist on Apr 12, 2021.
             Was an Initiate of Vehumet.
             Slain by a kobold brigand
             ... wielding a +0 spear
              (4 damage)
             ... on level 3 of the Dungeon.
             The game lasted 00:03:47 (2585 turns).

Morrissey the Firebug (Gargoyle Fire Elementalist)  Turns: 2585, Time: 00:03:48

Health: 0/25       AC:  5    Str: 12    XL:     4   Next: 7%
Magic:  0/7        EV: 11    Int: 16    God:    Vehumet [......]
Gold:   90         SH:  0    Dex: 10    Spells: 6/7 levels left

rFire    . . .     SeeInvis .   b - +0 war axe
rCold    . . .     Faith    .   (no shield)
rNeg     + . .     Spirit   .   a - +0 robe
rPois    ∞         Reflect  .   (no helmet)
rElec    +         Harm     .   (no cloak)
rCorr    .         Rampage  .   (no gloves)
Will     .....                  (no boots)
Stlth    ++........             (no amulet)
HPRegen  0.08/turn              (no ring)
MPRegen  0.10/turn              (no ring)

@: no status effects
A: AC +3, negative energy resistance 1, electricity resistance, torment
resistance 1, unbreathing 1, petrification resistance
a: Renounce Religion


You were on level 3 of the Dungeon.
You worshipped Vehumet.
Vehumet was noncommittal.
You visited 1 branch of the dungeon, and saw 3 of its levels.

You collected 90 gold pieces.

Inventory:

Hand Weapons
 b - a +0 war axe (weapon)
Armour
 a - a +0 robe (worn)
Scrolls
 c - 2 scrolls of identify {unknown}
 f - a scroll of blinking {unknown}
 g - 2 scrolls of enchant armour {unknown}
 h - a scroll of vulnerability {unknown}
Potions
 d - 2 potions of curing {unknown}
 e - a potion of brilliance {unknown}


   Skills:
 + Level 1.6 Fighting
 - Level 1.5 Dodging
 - Level 2.1 Stealth
 - Level 2.0 Spellcasting
 * Level 3.0 Conjurations
 + Level 3.5 Fire Magic


You had 6 spell levels left.
You knew the following spells:

 Your Spells              Type           Power      Damage    Failure   Level
a - Foxfire               Conj/Fire      48%        2x1d6     5%          1

Your spell library contained the following spells:

 Spells                   Type           Power      Damage    Failure   Level
 Conjure Flame            Conj/Fire      12%        6-21      16%         3
 Sting                    Tmut/Pois      4%         1d3       21%         1
 Wereblood                Tmut           1%         N/A       30%         2
 Inner Flame              Hex/Fire       7%         N/A       30%         3
 Sticky Flame             Conj/Fire      12%        2d4       47%         4
 Fireball                 Conj/Fire      6%         3d5       83%         5
 Irradiate                Conj/Tmut      3%         3d14      97%         5
 Hydra Form               Tmut           0%         N/A       99%         5
 Blade Hands              Tmut           0%         N/A       100%        6


Dungeon Overview and Level Annotations

Branches:
Dungeon (3/15)

Altars:
Vehumet


Innate Abilities, Weirdness & Mutations

Your stone body is resilient. (AC +3)
You are immune to poison.
You resist negative energy. (rN+)
You are resistant to electric shocks. (rElec)
You are resistant to unholy torment.
You can survive without breathing.
You are immune to petrification.


Message History

The kobold brigand is moderately wounded.
The kobold brigand closely misses you.
The kobold brigand throws a poisoned dart.
The poisoned dart hits you!
The kobold brigand throws a poisoned dart.
The poisoned dart barely misses you.
The kobold brigand throws a poisoned dart.
The poisoned dart hits you!
Casting: Foxfire (safe; 5% risk of failure)
Confirm with . or Enter, or press ? or * to list all spells.
You conjure some foxfire!
* * * LOW MAGIC WARNING * * *
Casting: Foxfire (safe; 5% risk of failure)
Confirm with . or Enter, or press ? or * to list all spells.
You conjure some foxfire!
* * * LOW MAGIC WARNING * * *
The foxfire hits the kobold brigand but does no damage.
The kobold brigand is moderately wounded.
The foxfire hits the kobold brigand but does no damage.
The kobold brigand is moderately wounded.
The foxfire hits the kobold brigand.
The kobold brigand is moderately wounded.
The foxfire hits the kobold brigand but does no damage.
The kobold brigand is moderately wounded.
Casting: Foxfire (safe; 5% risk of failure)
Confirm with . or Enter, or press ? or * to list all spells.
You conjure some foxfire!
* * * LOW MAGIC WARNING * * *
The foxfire hits the kobold brigand.
The kobold brigand is moderately wounded.
The foxfire hits the kobold brigand.
The kobold brigand is heavily wounded.
The kobold brigand throws a poisoned dart.
The poisoned dart misses you.
The kobold brigand throws a poisoned dart.
The poisoned dart hits you!
The kobold brigand hits you from afar with a +0 spear.
* * * LOW HITPOINT WARNING * * *
The kobold brigand hits you with a +0 spear.
You die...

#......######..........
#.#########......######..........
#..................K.............
#.###..################..........
.......# #.......................
#.###<.# #...........####......##
#.###..# #...........# #......#.
#......# #...)...K...# #......#.
#####.## #......@....# #......#.
#.....# #...........# #......#.
#.###.# #...........########'##.
..# #....................... .+..
#...........########.#.. #...#.
#...........# #<........ .
##..##...........# #####..... ..
. ############## ###.#. .. . #.##


You could see a kobold brigand.

Vanquished Creatures
  A gnoll (D:1)
  2 adders
  4 endoplasms (D:1)
  2 giant cockroaches
  5 goblins
  5 hobgoblins
  A quokka (D:2)
  4 ball pythons
  2 bats (D:1)
  2 kobolds (D:1)
  3 rats
31 creatures vanquished.

Vanquished Creatures (others)
  73 foxfires
  2 plants (D:2)
75 creatures vanquished.

Grand Total: 106 creatures vanquished

Notes
Turn   | Place    | Note
-------+----------+-------------------------------------------
     0 | D:1      | Morrissey the Gargoyle Fire Elementalist began the quest
                  | for the Orb.
     0 | D:1      | Reached XP level 1. HP: 10/10 MP: 3/3
   405 | D:1      | Reached XP level 2. HP: 14/16 MP: 0/5
   788 | D:1      | Reached skill level 1 in Fighting
   788 | D:1      | Reached XP level 3. HP: 20/20 MP: 1/6
  1386 | D:2      | Found a radiant altar of Vehumet.
  1422 | D:2      | Became a worshipper of Vehumet
  1723 | D:2      | Found a faded altar of an unknown god.
  2452 | D:3      | Identified the Handbook of Transmigration and Flames
  2458 | D:3      | Reached XP level 4. HP: 25/25 MP: 4/7
  2537 | D:3      | Noticed a kobold brigand
  2585 | D:3      | Slain by a kobold brigand

Illustrated notes

Levels and vault maps discovered:
D:1:      minmay_arrival_three_doors, layout_loops_corners, grunt_decor_fettered
D:2:      layout_loops_ring, basic_ecumenical_altar, serial_bayou,
          serial_bayou_shore_a, serial_bayou_pond_e, serial_bayou_ford_a,
          serial_bayou_lake_a, basic_altar, chequers_serial_rivers_small_3
D:3:      layout_basic, minmay_fractal_squares_diagonal_5

Skill      XL: |  1  2  3 |
---------------+----------+-----
Conjurations   | 2 3 |  3.0
Fighting       | 1 |  1.6
Dodging        | |  1.5
Stealth        | |  2.1
Spellcasting   | |  2.0
Fire Magic     | |  3.5

Action                   |  1- 3 |  4- 6 || total
-------------------------+-------+-------++-------
Melee: War axe           |    37 |       ||    37
 Cast: Foxfire           |    36 |    11 ||    47
 Stab: Sleeping          |     2 |       ||     2
Armor: Robe              |    13 |       ||    13
Dodge: Dodged            |    31 |     5 ||    36

Table legend: (Time is in decaauts)
 A = Elapsed time spent in this place.
 B = Non-inter-level travel time spent in this place.
 C = Inter-level travel time spent in this place.
 D = Time resting spent in this place.
 E = Time spent auto-exploring this place.
 F = Levels seen in this place.
 G = Mean time per level.
                   A        B        C        D        E       F      G
               +--------+--------+--------+--------+--------+-----+--------+
         Total |   2670 |   2610 |     60 |    125 |   2163 |   3 |  890.0 |
       Dungeon |   2670 |   2610 |     60 |    125 |   2163 |   3 |  890.0 |
               +--------+--------+--------+--------+--------+-----+--------+

Top non-repeatable levels by time:
     D:1: 1401 daAuts
     D:2: 923 daAuts
     D:3: 345 daAuts
